 Dungeon Crawl Stone Soup version 0.28.0-43-g3370ac3207 (webtiles) character file.

Game seed: 9962520634190384242

1530 Ablot the Grasshopper (level 8, -4/64 HPs)
             Began as a Gnoll Warper on Mar 12, 2022.
             Was a Follower of Okawaru.
             Splashed by a jelly's acid (10 damage)
             ... on level 6 of the Dungeon.
             The game lasted 00:11:06 (7996 turns).

Ablot the Grasshopper (Gnoll Warper)                Turns: 7996, Time: 00:11:07

Health: -4/64      AC:  8    Str: 13    XL:     8   Next: 85%
Magic:  17/17      EV: 13    Int: 12    God:    Okawaru [*.....]
Gold:   265        SH:  0    Dex: 12    Spells: 17/19 levels left

rFire   . . .      SeeInvis .   y - +1 trident (protect)
rCold   . . .      Faith    .   (no shield)
rNeg    . . .      Spirit   .   b - +0 leather armour
rPois   .          Reflect  .   (no helmet)
rElec   .          Harm     .   s - +1 cloak {Stlth+}
rCorr   .          Rampage  .   (no gloves)
Will    .....                   (no boots)
Stlth   +++.......              k - amulet of magic regeneration
HPRegen 0.20/turn               (no ring)
MPRegen 0.55/turn               (no ring)

@: corroded, under a protective aura
A: fangs 1, strong nose, distributed training
a: Renounce Religion, Heroism


You were on level 6 of the Dungeon.
You worshipped Okawaru.
Okawaru was aware of your devotion.
You visited 2 branches of the dungeon, and saw 7 of its levels.

You collected 265 gold pieces.

Inventory:

Hand Weapons
 t - a +3 quarterstaff of chaos
 u - the +0 mace of Jofux {vamp, rC+ Int+3 Dex+3}
   (You found it on level 3 of the Dungeon)

   It occasionally heals its wielder for a portion of the damage dealt when it
   wounds a living foe.
   Int:       It affects your intelligence (+3).
   Dex:       It affects your dexterity (+3).
   rC:        It protects you from cold.
 y - a +1 trident of protection (weapon)
Missiles
 d - 5 boomerangs of dispersal
 e - 142 stones
 g - 30 bolts
 j - 55 arrows
 q - 5 silver javelins (quivered)
 v - 22 sling bullets
Armour
 a - a +0 buckler
 b - a +0 leather armour (worn)
 s - a +1 cloak of stealth (worn)
Jewellery
 k - an amulet of magic regeneration (around neck)
Wands
 r - a wand of flame (38)
Scrolls
 c - a scroll of blinking
 f - 2 scrolls of magic mapping {unknown}
 l - a scroll of amnesia {unknown}
 o - 4 scrolls of identify {unknown}
 p - 2 scrolls of acquirement {unknown}
 x - a scroll of vulnerability {unknown}
 z - a scroll of noise {unknown}
Potions
 h - a potion of flight {unknown}
 i - 2 potions of might {unknown}
 m - a potion of curing {unknown}
 n - 4 potions of magic {unknown}
 w - 2 potions of heal wounds {unknown}


   Skills:
 + Level 5.9 Fighting
 + Level 3.6 Short Blades
 + Level 3.6 Long Blades
 + Level 3.6 Axes
 + Level 3.6 Maces & Flails
 + Level 5.9 Polearms
 + Level 3.6 Staves
 + Level 3.6 Slings
 + Level 3.6 Bows
 + Level 3.6 Crossbows
 + Level 4.5 Throwing
 + Level 4.5 Armour
 + Level 5.9 Dodging
 + Level 3.6 Stealth
 + Level 3.6 Shields
 + Level 3.6 Unarmed Combat
 + Level 6.2 Spellcasting
 + Level 3.0 Conjurations
 + Level 3.0 Hexes
 + Level 3.0 Summonings
 + Level 3.0 Necromancy
 + Level 6.3 Translocations
 + Level 3.0 Transmutations
 + Level 3.0 Fire Magic
 + Level 3.0 Ice Magic
 + Level 3.0 Air Magic
 + Level 3.0 Earth Magic
 + Level 3.0 Poison Magic
 + Level 4.0 Invocations
 + Level 3.6 Evocations


You had 17 spell levels left.
You knew the following spells:

 Your Spells              Type           Power      Damage    Failure   Level
a - Blink                 Tloc           36%        N/A       2%          2

Your spell library contained the following spells:

 Spells                   Type           Power      Damage    Failure   Level
 Gell's Gravitas          Tloc           18%        N/A       4%          3
 Lesser Beckoning         Tloc           18%        N/A       4%          3
 Teleport Other           Tloc           18%        N/A       4%          3
 Portal Projectile        Hex/Tloc       28%        N/A       10%         3
 Manifold Assault         Tloc           18%        N/A       41%         5
 Leda's Liquefaction      Hex/Erth       5%         N/A       54%         4
 Dispersal                Tloc           9%         N/A       94%         6
 Call Canine Familiar     Summ           Unusable   N/A       N/A         3

Dungeon Overview and Level Annotations

Branches:
Dungeon (6/15)             Temple (1/1) D:4

Altars:
Cheibriados
Dithmenos
Elyvilon
Gozag
Hepliaklqana
Kikubaaqudgha
Okawaru
Qazlal
Sif Muna
Trog
Wu Jian
Zin
The Shining One

Shops:
D:5 (

Annotations:
D:4 Grinder
D:6 Edmund


Innate Abilities, Weirdness & Mutations

You have very sharp teeth.
Your uncanny sense of smell can sniff out nearby items.
Your experience applies equally to all skills.


Message History

Your Hexes skill increases to level 3!
Your Summonings skill increases to level 3!
Your Necromancy skill increases to level 3!
Your Transmutations skill increases to level 3!
Your Fire Magic skill increases to level 3!
Your Ice Magic skill increases to level 3!
Your Air Magic skill increases to level 3!
Your Earth Magic skill increases to level 3!
Your Poison Magic skill increases to level 3!
Your Invocations skill increases to level 4!
There is an open door here.
You close the door.
You start resting.
You hear a slurping noise.
The jelly eats the door!
You hit the jelly.
Your weapon exudes an aura of protection.
Your hands burn!
The jelly is lightly wounded.
The jelly hits you but does no damage.
You puncture the jelly! The acid corrodes you!
Your hands burn!
* * * LOW HITPOINT WARNING * * *
The jelly is heavily wounded.
The jelly hits you but does no damage.
You puncture the jelly!
Your hands burn!
* * * LOW HITPOINT WARNING * * *
The jelly is severely wounded.
The jelly barely misses you.
You hit the jelly but do no damage.
Your hands burn!
* * * LOW HITPOINT WARNING * * *
You bite the jelly, but do no damage.
The jelly is severely wounded.
The jelly barely misses you.
You hit the jelly.
Your hands burn!
* * * LOW HITPOINT WARNING * * *
The jelly is almost dead.
The jelly hits you.
* * * LOW HITPOINT WARNING * * *
You are splashed with acid!
You die...

## ### ..... ##+##
###.#.# ##...## #.....
##.....## #.#.#
##.......## #...#####
#.........####.........
+........@J..).........
#.........####...######
##.......#.........#
##.....##.###.###:#
##...###<# #.# .# ##+##
#.# #.. # #.# ### #.#
...


You could see a jelly.

Vanquished Creatures
  Pikel (D:4)
  Eustachio (D:6)
  An orc warrior (D:5)
  A necrophage (D:6)
  An ogre (D:6)
  A lemure (D:4)
  A wyvern zombie (D:6)
  A scorpion (D:5)
  A water moccasin zombie (D:6)
  A jelly (D:5)
  A bullfrog zombie (D:3)
  2 orc priests
  A centaur skeleton (D:4)
  Crazy Yiuf (D:3)
  A hound (D:6)
  A bullfrog skeleton (D:6)
  2 iguanas (D:5)
  Natasha (thrice) (D:3)
  An orc wizard (D:5)
  Ijyb (D:5)
  3 adders (D:3)
  An ufetubus (D:5)
  A dart slug (D:1)
  13 orcs
  6 bats
  12 endoplasms
  2 giant cockroaches
  4 goblins
  5 hobgoblins
  4 jackals (D:4)
  5 kobolds
  2 quokkas
  6 ball pythons
  8 frilled lizards
  5 rats
101 creatures vanquished.

Notes
Turn   | Place    | Note
-------+----------+-------------------------------------------
     0 | D:1      | Ablot the Gnoll Warper began the quest for the Orb.
     0 | D:1      | Reached XP level 1. HP: 20/20 MP: 6/6
   161 | D:1      | Reached XP level 2. HP: 16/26 MP: 7/7
   164 | D:1      | Learned a level 2 spell: Blink
   711 | D:1      | Reached XP level 3. HP: 31/31 MP: 9/9
   743 | D:1      | Reached skill level 5 in Spellcasting
  1547 | D:2      | Reached skill level 1 in Invocations
  2060 | D:2      | Found a faded altar of an unknown god.
  2337 | D:3      | Reached skill level 1 in Short Blades
  2337 | D:3      | Reached skill level 1 in Long Blades
  2337 | D:3      | Reached skill level 1 in Axes
  2337 | D:3      | Reached skill level 1 in Maces & Flails
  2337 | D:3      | Reached skill level 1 in Staves
  2337 | D:3      | Reached skill level 1 in Slings
  2337 | D:3      | Reached skill level 1 in Bows
  2337 | D:3      | Reached skill level 1 in Crossbows
  2337 | D:3      | Reached skill level 1 in Stealth
  2337 | D:3      | Reached skill level 1 in Shields
  2337 | D:3      | Reached skill level 1 in Unarmed Combat
  2337 | D:3      | Reached skill level 1 in Evocations
  2337 | D:3      | Reached XP level 4. HP: 25/38 MP: 11/11
  2667 | D:3      | Noticed Natasha
  2681 | D:3      | Killed Natasha
  2682 | D:3      | Reached skill level 1 in Conjurations
  2682 | D:3      | Reached skill level 1 in Hexes
  2682 | D:3      | Reached skill level 1 in Summonings
  2682 | D:3      | Reached skill level 1 in Necromancy
  2682 | D:3      | Reached skill level 1 in Transmutations
  2682 | D:3      | Reached skill level 1 in Fire Magic
  2682 | D:3      | Reached skill level 1 in Ice Magic
  2682 | D:3      | Reached skill level 1 in Air Magic
  2682 | D:3      | Reached skill level 1 in Earth Magic
  2682 | D:3      | Reached skill level 1 in Poison Magic
  2993 | D:3      | Noticed Natasha
  3009 | D:3      | Killed Natasha
  3010 | D:3      | Reached XP level 5. HP: 13/43 MP: 12/12
  3731 | D:3      | Noticed Natasha
  3738 | D:3      | Killed Natasha
  3796 | D:3      | Found a runed translucent door.
  3797 | D:3      | Noticed Crazy Yiuf
  3818 | D:3      | Killed Crazy Yiuf
  3819 | D:3      | Reached XP level 6. HP: 24/50 MP: 13/13
  3856 | D:3      | Identified the +0 mace of Jofux {vamp, rC+ Int+3 Dex+3}
  4563 | D:4      | Found a glowing silver altar of Zin.
  4691 | D:4      | Found a shadowy altar of Dithmenos.
  4721 | D:4      | Noticed Grinder
  4920 | D:4      | Reached skill level 5 in Fighting
  4920 | D:4      | Reached skill level 5 in Polearms
  4920 | D:4      | Reached skill level 5 in Dodging
  5076 | D:4      | Found a staircase to the Ecumenical Temple.
  5091 | Temple   | Entered the Ecumenical Temple
  5148 | Temple   | Became a worshipper of Elyvilon the Healer
  5257 | D:5      | Entered Level 5 of the Dungeon
  5289 | D:5      | Noticed Pikel
  5324 | D:4      | Killed Pikel
  5325 | D:4      | Reached XP level 7. HP: 9/56 MP: 15/15
  6180 | D:5      | Found an iron altar of Okawaru.
  6188 | D:5      | Fell from the grace of Elyvilon
  6188 | D:5      | Became a worshipper of Warmaster Okawaru
  6246 | D:5      | Reached XP level 8. HP: 13/63 MP: 16/16
  6636 | D:5      | Found Cog Buss's Weapon Shoppe.
  6782 | D:5      | Noticed Ijyb
  6805 | D:5      | Killed Ijyb
  7607 | D:6      | Noticed Eustachio
  7616 | D:6      | Noticed a troll
  7645 | D:6      | Killed Eustachio
  7645 | D:6      | Reached * piety under Okawaru
  7662 | D:6      | Noticed Edmund
  7996 | D:6      | Splashed by a jelly's acid

Illustrated notes

Levels and vault maps discovered:
D:1:      denvon_arrival_hothouse, layout_loops_corners, serial_forest,
          infiniplex_forest_lined_2, infiniplex_forest_lined_room_3,
          infiniplex_forest_straight_1, infiniplex_forest_diagonal,
          infiniplex_forest_straight_4, infiniplex_forest_straight_2,
          supply_closet_lemuel, minmay_tall_x
D:2:      layout_loops_ring, hellmonk_ecumenical_altar_pennies_from_heaven,
          kennysheep_nondescript
D:3:      layout_rooms, chequers_garden, grunt_decor_junction, uniq_natasha,
          uniq_crazy_yiuf_cottage
D:4:      layout_loops_ring, nicolae_dithmenos_shadow_blocks,
          mainiacjoe_overflow_cross_hatched, temple_hall, uniq_grinder
D:5:      nicolae_BIG_FREAKIN_CUBE, layout_loops_cross,
          mainiacjoe_overflow_surrounded_room, serial_shops, kennysheep_mini,
          guppyfry_early_orc_mine, uniq_pikel, uniq_ijyb
D:6:      layout_loops_corners, uniq_maggie, uniq_eustachio, uniq_edmund
Temple:   zaba_magenta_temple

Skill      XL: |  1  2  3  4  5  6  7  8 |
---------------+-------------------------+-----
Spellcasting   | 5 6 |  6.2
Invocations    | 1 2 3 4 |  4.0
Short Blades   | 1 2 3 |  3.6
Long Blades    | 1 2 3 |  3.6
Axes           | 1 2 3 |  3.6
Maces & Flails | 1 2 3 |  3.6
Staves         | 1 2 3 |  3.6
Slings         | 1 2 3 |  3.6
Bows           | 1 2 3 |  3.6
Crossbows      | 1 2 3 |  3.6
Stealth        | 1 2 3 |  3.6
Shields        | 1 2 3 |  3.6
Unarmed Combat | 1 2 3 |  3.6
Evocations     | 1 2 3 |  3.6
Conjurations   | 1 2 3 |  3.0
Hexes          | 1 2 3 |  3.0
Summonings     | 1 2 3 |  3.0
Necromancy     | 1 2 3 |  3.0
Transmutations | 1 2 3 |  3.0
Fire Magic     | 1 2 3 |  3.0
Ice Magic      | 1 2 3 |  3.0
Air Magic      | 1 2 3 |  3.0
Earth Magic    | 1 2 3 |  3.0
Poison Magic   | 1 2 3 |  3.0
Throwing       | 3 4 |  4.5
Armour         | 3 4 |  4.5
Fighting       | 5 |  5.9
Polearms       | 5 |  5.9
Dodging        | 5 |  5.9
Translocations | 6 |  6.3

Action                   |  1- 3 |  4- 6 |  7- 9 || total
-------------------------+-------+-------+-------++-------
Melee: Trident           |   123 |    82 |   183 ||   388
       Bite              |    10 |    18 |    24 ||    52
       Punch             |     2 |     4 |    10 ||    16
       Mace              |       |    53 |       ||    53
Throw: Javelin           |       |     8 |     9 ||    17
 Cast: Blink             |       |     2 |     3 ||     5
Evoke: Wand              |       |     1 |       ||     1
 Stab: Sleeping          |     3 |     2 |     6 ||    11
       Distracted        |       |     1 |       ||     1
Armor: Leather armour    |    20 |    44 |    51 ||   115
Dodge: Dodged            |    47 |   107 |   108 ||   262
